 Dungeon Crawl Stone Soup version 0.30.0-5-g1a98f26d00 (webtiles) character file.

Game seed: 12707451969187160150

18925 Foic the Summoner (level 12, -3/81 HPs)
             Began as a Demigod Summoner on May 11, 2023.
             Slain by a sixfirhy (8 damage)
             ... summoned by an orc sorcerer
             ... led by an orc warlord
             ... on level 2 of the Orcish Mines on May 12, 2023.
             The game lasted 02:37:03 (16652 turns).

Foic the Summoner (Demigod Summoner)               Turns: 16652, Time: 02:37:05

Health: -3/81      AC:  8    Str:  9    XL:     12   Next: 5%
Magic:  23/40      EV: 17    Int: 33    God:
Gold:   488        SH:  0    Dex: 20    Spells: 8/32 levels left

rFire   . . .        U - +8 mithril axe "Arga" {speed, Will+}
rCold   . . .        (no shield)
rNeg    . . .        H - +0 steam dragon scales
rPois   .            a - +0 helmet
rElec   .            C - +0 cloak
rCorr   .            (no gloves)
SInv    .            x - +0 pair of boots
Will    ++...        S - amulet of magic regeneration
Stlth   ++           F - +6 ring of dexterity
HPRegen 0.33/turn    E - ring of magical power
MPRegen 0.67/turn

%: no passive effects
@: no status effects
A: high MP 1, forlorn, divine attributes
a: no special abilities


You were on level 2 of the Orcish Mines.
You visited 3 branches of the dungeon, and saw 15 of its levels.

You collected 1296 gold pieces.
You spent 808 gold pieces at shops.

Inventory:

Hand Weapons
 e - a +2 dagger of electrocution
 h - a +4 dagger of venom
 D - a +2 vampiric dagger
 T - the +3 flail of Biyjippy {elec, Fly}
   (You found it on level 10 of the Dungeon)

   Fly:       It grants you flight.
 U - the +8 mithril axe "Arga" (weapon) {speed, Will+}
   (You found it on level 9 of the Dungeon)

   Will:      It increases your willpower.
Missiles
 j - a throwing net
 k - 2 large rocks
 n - 4 atropa-tipped darts (quivered)
 t - 7 javelins
 w - 35 poisoned darts
 G - 15 boomerangs
Armour
 a - a +0 helmet (worn)
 x - a +0 pair of boots (worn)
 C - a +0 cloak (worn)
 H - +0 steam dragon scales (worn)
 M - the +0 ring mail "Tuholyel" {+Inv Fly rPois Str-3}
   (You found it on level 8 of the Dungeon)

   Str:       It affects your strength (-3).
   rPois:     It protects you from poison.
   +Inv:      It lets you turn invisible.
   Fly:       It grants you flight.
Magical Staves
 l - a staff of poison
 y - a staff of earth
Jewellery
 u - an amulet of reflection
 E - a ring of magical power (right hand)
 F - a +6 ring of dexterity (left hand)
 S - an amulet of magic regeneration (around neck)
 W - a ring of flight
Wands
 p - a wand of polymorph (6)
 q - a wand of flame (28)
 Q - a wand of iceblast (2)
 X - a wand of light (3)
Scrolls
 c - 2 scrolls of amnesia
 g - 4 scrolls of brand weapon
 i - 2 scrolls of identify
 m - 4 scrolls of summoning
 o - 3 scrolls of magic mapping
 r - 2 scrolls of poison
 A - 3 scrolls of fear
 B - 2 scrolls of silence
 K - 3 scrolls of teleportation
 L - 3 scrolls of enchant armour
 N - 4 scrolls of enchant weapon
 V - 3 scrolls of fog
Potions
 b - a potion of magic
 d - a potion of haste
 f - 2 potions of brilliance
 s - 5 potions of curing
 z - 2 potions of mutation
 J - 5 potions of might
 R - 2 potions of berserk rage
 Y - a potion of cancellation {unknown}


   Skills:
 - Level 6.0 Short Blades
 + Level 8.2 Dodging
 - Level 2.0 Stealth
 * Level 10.6 Spellcasting
 * Level 11.9 Summonings


You had 8 spell levels left.
You knew the following spells:

 Your Spells              Type           Power      Damage    Failure   Level
a - Summon Small Mammal   Summ           100%       N/A       1%          1
b - Call Imp              Summ           100%       N/A       1%          2
c - Call Canine Familiar  Summ           77%        N/A       1%          3
d - Summon Guardian Gole  Hex/Summ       54%        N/A       1%          3
e - Animate Armour        Summ/Erth      100%       N/A       2%          4
f - Foxfire               Conj/Fire      68%        2x1d7     2%          1
g - Summon Lightning Spi  Summ/Air       54%        N/A       2%          4
v - Summon Cactus Giant   Summ           38%        N/A       3%          6

Your spell library contained the following spells:

 Spells                   Type           Power      Damage    Failure   Level
 Freeze                   Ice            68%        1d8       2%          1
 Blink                    Tloc           34%        N/A       4%          2
 Cigotuvi's Dreadful Rot  Necr/Pois/Air  34%        N/A       4%          2
 Summon Forest            Summ/Tloc      27%        N/A       6%          5
 Summon Mana Viper        Hex/Summ       54%        N/A       6%          5
 Frozen Ramparts          Ice            34%        1d6       8%          3
 Hailstorm                Conj/Ice       17%        3d6       8%          3
 Portal Projectile        Hex/Tloc       34%        N/A       8%          3
 Tukima's Dance           Hex            17%        N/A       8%          3
 Summon Hydra             Summ           38%        N/A       17%         7
 Dispel Undead            Necr           17%        3d10      26%         4
 Manifold Assault         Tloc           17%        N/A       26%         4
 Blade Hands              Tmut           8%         N/A       58%         5
 Fireball                 Conj/Fire      8%         3d6       58%         5
 Death Channel            Necr           8%         N/A       99%         6
 Eringya's Noxious Bog    Tmut/Pois      8%         N/A       99%         6
 Iron Shot                Conj/Erth      8%         9d3       99%         6
 Plasma Beam              Fire/Air       8%         2x1d21    99%         6
 Starburst                Conj/Fire      8%         6d4       99%         6
 Storm Form               Tmut/Air       8%         N/A       100%        7


Dungeon Overview and Level Annotations

Branches:
Dungeon (10/15)            Temple (0/1) D:6            Lair (3/5) D:9
 Spider (0/4) Lair:2          Orc (2/2) D:10            Elf (0/3) Orc:2
  Swamp: Lair:2-3    Shoals: Lair:2-3

Shops:
D:2 :   D:3 :   D:5 =

Annotations:
D:5 390 G wiz ring


Innate Abilities, Weirdness & Mutations

You have an increased reservoir of magic. (+10% MP)
You shall have no god before yourself.
Your divine heritage dramatically boosts your attributes as you level up.


Message History

The bolt of electricity hits the sixfirhy.
The sixfirhy completely resists.
You swap places.
The orc no longer looks unusually strong.
The sixfirhy hits you! The sixfirhy shocks you!
The sixfirhy hits you but does no damage.
The sixfirhy misses you.
Your cerulean imp barely misses the hellwing.
Things that are here:
a +0 club; an orc skeleton You feel much better.
The orc warrior no longer looks unusually strong.
Your warg closely misses the hellwing.
Your warg bites the hellwing but does no damage.
Your cerulean imp barely misses the hellwing.
Your cactus giant hits the hellwing but does no damage.
The hellwing swoops through the air toward you!
The hellwing hits you! The hellwing barely misses you.
The orc warrior hits your warg with a +0 short sword.
Something hits your lightning spire but does no damage.
The hellwing swoops through the air toward you!
The hellwing hits you. The hellwing barely misses you.
The hellwing completely misses you. The hellwing closely misses you.
Things that are here:
a +0 glaive; a +0 chain mail The sixfirhy hits you but does no damage.
The sixfirhy hits you! The sixfirhy shocks you!
* * * LOW HITPOINT WARNING * * *
The orc warrior hits your cerulean imp but does no damage.
Something hits your lightning spire but does no damage.
The hellwing misses you. The hellwing hits you.
* * * LOW HITPOINT WARNING * * *
You feel much better. The sixfirhy hits you! The sixfirhy shocks you!
* * * LOW HITPOINT WARNING * * *
The sixfirhy hits you.
* * * LOW HITPOINT WARNING * * *
The sixfirhy shocks you!
* * * LOW HITPOINT WARNING * * *
The sixfirhy hits you!
You die...

##...#.............##
##...................##
#.....................##
#...#..................## #
##.......)..............## ..
#..........))............##..
#.........)).................
##.#........)4.).............
##..........@4...............
#....#......)3)..............
#...#........................
##.###.......C5ho............
###..........9o.............
#.....#.....).......$......
##...##........o...........
#.....#......8.............
##....#........o............


You could see 2 hellwings, a sixfirhy (summoned), an orc sorcerer (strong), an
orc warrior (ally target), an orc, a friendly cactus giant (summoned,
sheltered), a friendly guardian golem (summoned), a friendly warg (summoned,
sheltered), a friendly lightning spire (summoned, sheltered) and a friendly
cerulean imp (summoned, sheltered).

Vanquished Creatures
  A steam dragon (D:8)
  A water moccasin (D:7)
  A hound (D:5)
  An orc priest (D:6)
  An iguana (D:5)
  An orc wizard (Orc:2)
  A bat (D:2)
  A frilled lizard (D:1)
  A rat (D:2)
9 creatures vanquished.

Vanquished Creatures (collateral kills)
  An orc warlord (Orc:2)
  2 boulder beetles (Lair:1)
  2 orc knights (Orc:2)
  An orc sorcerer (Orc:2)
  5 cane toads
  A kobold demonologist (D:10)
  3 komodo dragons
  A troll (D:10)
  A tyrant leech (Lair:3)
  A hornet (D:9)
  A polar bear (Lair:3)
  Sigmund (D:5)
  A shadow (D:10)
  2 jumping spiders (Lair:2)
  3 wyverns
  12 yaks
  4 redbacks (Lair:2)
  A basilisk (Lair:3)
  A warg (Orc:2)
  2 steam dragons
  Menkaure (D:5)
  Edmund (D:6)
  An acid dragon (D:10)
  4 water moccasins
  A black bear (D:5)
  15 orc warriors
  3 ice beasts
  4 sky beasts
  3 wolves (Lair:2)
  6 centaurs
  5 ogres
  2 kobold brigands
  4 scorpions
  13 bullfrogs
  Blork the orc (D:4)
  3 wights (D:9)
  3 killer bees (D:7)
  An electric eel (D:9)
  A nameless horror (D:10)
  2 howler monkeys
  A jelly (D:4)
  10 hounds
  10 orc priests
  A sleepcap (D:7)
  Jessica (D:2)
  3 iguanas
  2 gnoll boudas (D:4)
  19 orc wizards
  11 gnolls (D:4)
  6 adders
  A shadow imp (D:7)
  3 white imps
  2 ufetubi
  A worm (D:2)
  2 dart slugs (D:1)
  44 orcs
  3 bats
  6 endoplasms
  2 giant cockroaches
  A goblin (D:4)
  5 hobgoblins
  3 jackals (D:2)
  2 quokkas
  9 ball pythons
  2 frilled lizards
  21 kobolds
  8 rats
  5 foxfires
304 creatures vanquished.

Vanquished Creatures (others)
  A cane toad (Lair:1)
  A hornet (D:8)
  5 yaks
  A steam dragon (D:8)
  A sky beast (D:7)
  A centaur (D:8)
  3 killer bees (D:7)
  An orc priest (Orc:2)
  An orc (Orc:2)
  53 foxfires
68 creatures vanquished.

Grand Total: 381 creatures vanquished

Notes
Turn   | Place    | Note
-------+----------+-------------------------------------------
     0 | D:1      | Foic the Demigod Summoner began the quest for the Orb.
     0 | D:1      | Reached XP level 1. HP: 14/14 MP: 5/5
   487 | D:1      | Reached XP level 2. HP: 20/20 MP: 5/7
   490 | D:1      | Learned a level 2 spell: Call Imp
  1444 | D:2      | Found Fetepsai's Book Emporium.
  1462 | D:2      | Reached XP level 3. HP: 26/26 MP: 6/9
  1496 | D:2      | Learned a level 3 spell: Call Canine Familiar
  1562 | D:2      | Reached skill level 4 in Summonings
  1722 | D:2      | Noticed Jessica
  1752 | D:2      | Killed Jessica
  2545 | D:3      | Reached skill level 1 in Short Blades
  2736 | D:3      | Reached XP level 4. HP: 33/33 MP: 10/10
  2814 | D:3      | Found Hilewkec's Book Shoppe.
  3472 | D:4      | Reached XP level 5. HP: 38/38 MP: 6/12
  3679 | D:4      | Reached XP level 6. HP: 45/45 MP: 3/14
  3734 | D:4      | Reached skill level 5 in Summonings
  3985 | D:4      | Noticed Blork the orc
  3993 | D:4      | Killed Blork the orc
  4102 | D:4      | Reached XP level 7. HP: 50/50 MP: 16/16
  4180 | D:4      | Learned a level 3 spell: Summon Guardian Golem
  4808 | D:5      | Entered Level 5 of the Dungeon
  4962 | D:5      | Reached skill level 6 in Summonings
  5018 | D:5      | Reached skill level 5 in Spellcasting
  5024 | D:5      | Noticed Menkaure
  5233 | D:5      | Found Qihaeghi's Jewellery Shop.
  5259 | D:5      | Reached XP level 8. HP: 57/57 MP: 13/19
  5343 | D:5      | Killed Menkaure
  5685 | D:5      | Noticed Sigmund
  5697 | D:5      | Killed Sigmund
  5698 | D:5      | Reached skill level 7 in Summonings
  6200 | D:6      | Noticed Edmund
  6234 | D:6      | Killed Edmund
  6366 | D:6      | Reached XP level 9. HP: 62/62 MP: 20/22
  6564 | D:6      | Reached skill level 5 in Dodging
  6787 | D:6      | Found a staircase to the Ecumenical Temple.
  6858 | D:5      | Bought an amulet of magic regeneration for 390 gold pieces
  6967 | D:6      | Learned a level 1 spell: Foxfire
  6985 | D:6      | Identified a scroll of acquirement
  6987 | D:6      | Acquired a Fen Folio
  7442 | D:7      | Reached skill level 8 in Summonings
  7639 | D:7      | Reached skill level 5 in Short Blades
  7921 | D:7      | Learned a level 4 spell: Animate Armour
  8841 | D:7      | Reached XP level 10. HP: 69/69 MP: 22/25
  9213 | D:8      | Reached skill level 9 in Summonings
  9272 | D:8      | Identified the +0 ring mail "Tuholyel" {+Inv Fly rPois
                  | Str-3}
  9963 | D:9      | Found the +8 mithril axe "Arga" {speed, Will+}
 10085 | D:9      | Learned a level 4 spell: Summon Lightning Spire
 10477 | D:9      | Found a staircase to the Lair.
 10888 | Lair:1   | Entered Level 1 of the Lair of Beasts
 10991 | Lair:1   | Reached skill level 10 in Summonings
 11171 | Lair:1   | Noticed a boulder beetle
 11192 | Lair:1   | Killed a boulder beetle
 11193 | Lair:1   | Reached XP level 11. HP: 74/74 MP: 18/28
 11324 | Lair:1   | Noticed a boulder beetle
 11355 | Lair:1   | Killed a boulder beetle
 12296 | D:2      | Bought a book of the Wilderness for 418 gold pieces
 12303 | D:2      | Learned a level 6 spell: Summon Cactus Giant
 13067 | Lair:2   | Found a hole to the Spider Nest.
 14159 | Lair:3   | Reached skill level 11 in Summonings
 14552 | D:10     | Entered Level 10 of the Dungeon
 14899 | D:10     | Identified the +3 flail of Biyjippy {elec, Fly}
 15034 | D:10     | Reached skill level 10 in Spellcasting
 15047 | D:10     | Found a staircase to the Orcish Mines.
 15545 | Orc:1    | Entered Level 1 of the Orcish Mines
 15720 | Orc:2    | Entered Level 2 of the Orcish Mines
 16070 | Orc:2    | Noticed an orc warlord
 16075 | Orc:2    | Found a staircase to the Elven Halls.
 16075 | Orc:2    | Noticed an orc knight
 16321 | Orc:2    | Killed an orc knight
 16325 | Orc:2    | Noticed an orc knight
 16329 | Orc:2    | Noticed a sun demon
 16363 | Orc:2    | Killed an orc knight
 16639 | Orc:2    | Noticed a sixfirhy
 16641 | Orc:2    | Killed an orc warlord
 16642 | Orc:2    | Reached XP level 12. HP: 57/81 MP: 24/31
 16652 | Orc:2    | Slain by a sixfirhy

Illustrated notes

Levels and vault maps discovered:
D:1:      minmay_arrival_glassed_features, layout_loops_corners
D:2:      layout_basic, serial_shops, nicolae_book_shop_shelving, uniq_jessica
D:3:      layout_basic, mainiacjoe_overflow_alcove_2, serial_shops, shop_coins
D:4:      layout_loops_ring, minmay_circle_x, uniq_blork_the_orc
D:5:      layout_rooms, nicolae_overflow_crystal_walls, serial_shops, shop,
          grunt_ministairs_7, st_stairs_8, uniq_sigmund, uniq_menkaure
D:6:      layout_basic, minmay_temple_entry_fiery, serial_corexii_hall,
          corexii_hall_statues_s, chequers_hall_statues_y,
          corexii_hall_statues_deadend, uniq_edmund
D:7:      layout_layer_cave, okawaru_trees_1, mainiacjoe_overflow_24_doors,
          nicolae_hepliaklqana_hippocampus, grunt_potential
D:8:      layout_loops_ring, mainiacjoe_overflow_boulevard,
          gammafunk_temple_overflow_wave, lemuel_flamethrower_2
D:9:      layout_irregular_city, nemelex_spade_bored_becter, lair_entry_dummy,
          minivault_4, minmay_misc_feat_plants, minivault_22
D:10:     layout_gridville, kennysheep_little_box, david_orc_3
Lair:1:   layout_cellular_growth
Lair:2:   layout_layer_cave, nicolae_spider_entry_tight_spaces
Lair:3:   layout_chaotic_city, palyth_hydra_swamp_entry
Orc:1:    layout_diamond_mine, nicolae_orc_damp_corner
Orc:2:    pf_orc_diabolical, layout_caves

Skill      XL: |  1  2  3  4  5  6  7  8  9 10 11 |
---------------+----------------------------------+-----
Spellcasting   | 2 3 4 5 6 7 9 10 | 10.6
Dodging        | 2 3 4 5 6 8 |  8.2
Stealth        | 2 |  2.0
Summonings     | 4 5 6 7 8 10 11 | 11.9
Short Blades   | 1 2 3 4 5 6 |  6.0

Action                     |  1- 3 |  4- 6 |  7- 9 | 10-12 || total
---------------------------+-------+-------+-------+-------++-------
  Melee: Unarmed           |     2 |       |       |       ||     2
         Punch             |     1 |       |     2 |       ||     3
         Dagger            |    17 |       |       |       ||    17
         Rapier            |       |       |    18 |    10 ||    28
  Throw: Dart              |       |       |     1 |       ||     1
   Cast: Summon Small Mamm |    69 |    36 |   128 |   132 ||   365
         Call Imp          |    12 |    15 |    44 |    67 ||   138
         Call Canine Famil |     5 |     8 |    47 |    69 ||   129
         Foxfire           |       |       |     4 |    28 ||    32
         Animate Armour    |       |       |     3 |    29 ||    32
         Summon Guardian G |       |       |     3 |     7 ||    10
         Summon Lightning  |       |       |       |    46 ||    46
         Summon Cactus Gia |       |       |       |    68 ||    68
    Use: Potion            |       |       |     3 |     9 ||    12
         Scroll            |       |       |    15 |    14 ||    29
   Stab: Distracted        |       |       |     1 |       ||     1
 Armour: Robe              |     6 |       |     3 |     1 ||    10
         Steam dragon scal |       |       |       |    19 ||    19
  Dodge: Dodged            |    14 |     2 |    26 |    88 ||   130
  Block: Other             |       |     1 |     1 |       ||     2
